 Dungeon Crawl Stone Soup version 0.30.1-3-gfc49f6343a (console) character file.

Game seed: 9574974021285561680

12065 Zeor the Spear-Bearer (level 11, -3/84 HPs)
             Began as a Demonspawn Berserker on July 23, 2023.
             Was a High Priest of Trog.
             Slain by a death yak (18 damage)
             ... on level 1 of the Lair of Beasts.
             The game lasted 00:33:36 (10189 turns).

Zeor the Spear-Bearer (Demonspawn Berserker)       Turns: 10189, Time: 00:33:37

Health: -3/84      AC: 20    Str: 27    XL:     11   Next: 57%
Magic:  11/11      EV: 12    Int: 14    God:    Trog [*****.]
Gold:   558        SH:  9    Dex: 18    Spells: 10/10 levels left

rFire   + . .        a - +5 demon trident {freeze, rElec rC+}
rCold   + . .        (no shield)
rNeg    . . .        D - +3 scale mail {Will+}
rPois   +            f - +0 helmet
rElec   +            p - +0 cloak {Will+}
rCorr   .            E - +1 pair of gloves
SInv    .            u - +0 pair of boots
Will    +++..        x - amulet "Uwkocel" {Reflect rElec rPois rF+ Str+6 SH+5}
Stlth   +            o - +6 ring of dexterity
HPRegen 0.34/turn    C - ring of willpower
MPRegen 0.12/turn

%: reflection
@: on berserk cooldown, slowed, very slow
A: demonic guardian 1, icemail 1, big brain 2, condensation shield, weakness
stinger 2
a: Renounce Religion, Berserk, Trog's Hand, Brothers in Arms


You were on level 1 of the Lair of Beasts.
You worshipped Trog.
Trog was extremely pleased with you.
You visited 2 branches of the dungeon, and saw 12 of its levels.

You collected 696 gold pieces.
You spent 138 gold pieces at shops.

Inventory:

Hand Weapons
 a - the +5 demon trident of Defiance (weapon) {freeze, rElec rC+}
   (You acquired it on level 7 of the Dungeon)

   rC:        It protects you from cold.
   rElec:     It insulates you from electricity.
 i - a +0 spectral scythe {Siggy}
 z - a +4 halberd
 H - a +0 glaive
Missiles
 d - 8 boomerangs
 g - 4 javelins (quivered)
 t - a curare-tipped dart
 y - 23 poisoned darts
Armour
 f - a +0 helmet (worn)
 p - a +0 cloak of willpower (worn)
 u - a +0 pair of boots (worn)
 D - a +3 scale mail of willpower (worn)
 E - a +1 pair of gloves (worn)
 G - a +2 ring mail of fire resistance
Jewellery
 e - a ring of ice
 k - a ring of flight
 o - a +6 ring of dexterity (left hand)
 v - a ring of resist corrosion
 x - the amulet "Uwkocel" (around neck) {Reflect rElec rPois rF+ Str+6 SH+5}
   (You found it on level 6 of the Dungeon)

   [amulet of reflection]

   It reflects blocked missile attacks.
   Str:       It affects your strength (+6).
   rF:        It protects you from fire.
   rElec:     It insulates you from electricity.
   rPois:     It protects you from poison.
   SH:        It affects your SH (+5).
 C - a ring of willpower (right hand)
Wands
 q - a wand of digging (7)
 A - a wand of paralysis (25)
Scrolls
 b - 6 scrolls of teleportation
 m - 2 scrolls of immolation
 r - a scroll of fog
 I - a scroll of fear
Potions
 c - 3 potions of flight
 h - 2 potions of curing
 j - 2 potions of might
 l - 4 potions of heal wounds
 n - 4 potions of magic
 s - 2 potions of cancellation
 w - a potion of resistance
 B - 2 potions of lignification
 F - 2 potions of haste


   Skills:
 + Level 7.0 Fighting
 * Level 14.0 Polearms
 + Level 1.4 Throwing
 + Level 6.1 Armour
 + Level 2.9 Dodging
 + Level 2.1 Stealth
 + Level 4.0 Shields


You had 10 spell levels left.
You didn't know any spells.
Your spell library contained the following spells:

 Spells                   Type           Power      Damage    Failure   Level
 Ensorcelled Hibernation  Hex/Ice        0%         N/A       65%         2
 Passwall                 Tmut/Erth      0%         N/A       65%         2
 Swiftness                Air            0%         N/A       87%         3


Dungeon Overview and Level Annotations

Branches:
Dungeon (11/15)            Temple (0/1) D:5            Lair (1/5) D:11
    Orc (0/2) D:9

Altars:
Cheibriados
Dithmenos
Fedhas
Gozag
Makhleb
Nemelex Xobeh
Okawaru
Qazlal
Sif Muna
Uskayaw
Vehumet
Wu Jian
Xom
Yredelemnul

Shops:
D:3 :   D:4 *   D:9 [   D:10 (

Annotations:
D:11 exclusion: obsidian statue


Innate Abilities, Weirdness & Mutations

A weak demonic guardian rushes to your aid.
A meltable icy envelope protects you from harm. (AC +4)
You have an extremely huge brain. (Int +4)
A meltable shield of frost defends you. (SH +4)
You have a tail ending in a sharp stinger.


Message History

Trog accepts your kill. You block the death yak's attack.
The death yak gores you!
Your Armour skill increases to level 6!
Your Shields skill increases to level 4!
You hit the death yak. You freeze the death yak.
The death yak is lightly wounded.
You puncture the death yak! You freeze the death yak.
The death yak is moderately wounded.
You are no longer berserk.
You are exhausted.
You feel yourself slow down.
Your shadow imp hits the death yak but does no damage.
The death yak gores you but does no damage. x2
You puncture the death yak! You freeze the death yak.
You tail-slap the death yak, but do no damage.
The death yak is severely wounded.
Your shadow imp hits the death yak.
You puncture the death yak! You freeze the death yak.
The death yak is almost dead.
The death yak gores you. The death yak barely misses you.
Your shadow imp hits the death yak.
You impale the death yak!! You freeze the death yak.
You kill the death yak!
Trog accepts your kill. The death yak gores you!
* * * LOW HITPOINT WARNING * * *
A demonic guardian appears!
Your Fighting skill increases to level 7!
Your Polearms skill increases to level 14!
You puncture the death yak! You freeze the death yak.
The death yak is lightly wounded.
The death yak barely misses you.
You hit the death yak. You freeze the death yak.
The death yak is lightly wounded.
Your shadow imp barely misses the death yak.
You block the death yak's attack.
You completely miss the death yak.
The death yak is lightly wounded.
Your shadow imp hits the death yak.
The death yak gores you!!
You die... ▒▒▒▒▒▒▒▒▒▒▒▒▒ ▒∙∙∙∙∙∙∙∙∙∙∙∙ ▒▒ ▒∙∙∙∙∙∙∙∙∙∙∙∙ ▒▒∙▒▒▒▒▒▒▒▒▒∙∙∙∙∙∙∙∙∙∙∙∙ ∙∙∙∙∙∙∙∙∙∙∙∙∙∙∙$∙∙∙∙∙∙∙∙ ∙∙∙∙∙†∙<∙∙∙∙∙∙∙∙∙∙∙∙∙∙!∙ ∙∙∙∙∙∙∙∙∙∙∙▒∙∙∙∙∙∙>∙∙∙∙∙ ∙∙∙∙∙∙∙∙∙∙∙∙∙∙∙∙65∙∙∙∙∙∙

▒∙∙∙∙∙▒▒▒▒∙∙∙∙††5Y∙∙∙∙∙∙
▒∙∙∙∙▒▒ ▒▒▒∙∙∙∙∙∙∙∙∙∙∙∙
▒∙∙∙∙▒ ▒∙∙∙∙∙∙∙∙∙∙∙∙
▒∙∙∙∙▒▒▒ ▒▒▒∙∙∙∙∙∙∙∙∙∙∙∙
▒∙∙∙∙▒∙▒▒▒∙▒∙∙∙∙∙∙∙∙∙∙∙∙


∙∙∙∙∙∙∙∙∙∙∙∙∙∙∙∙∙∙∙∙∙∙∙∙ ∙∙∙∙▒▒∙▒▒∙∙∙▒▒▒▒▒∙∙∙▒▒▒▒ ∙∙∙▒≈≈≈≈▒∙∙∙▒ ∙∙∙▒ You could
see a death yak (ally target), a friendly white imp (summoned) and a friendly
shadow imp (summoned).

Vanquished Creatures
  2 two-headed ogres (D:8)
  4 death yaks (Lair:1)
  Amaemon (D:9)
  Pikel (D:4)
  Maurice (D:10)
  An orange demon (D:9)
  A cane toad (Lair:1)
  A komodo dragon (D:11)
  An unseen horror (D:11)
  A kobold demonologist (D:10)
  A troll (D:11)
  Sigmund (D:2)
  A shadow (D:11)
  A wyvern (D:9)
  A wraith (D:10)
  8 yaks
  A steam dragon (D:9)
  Menkaure (D:5)
  A water moccasin (Lair:1)
  3 orc warriors
  2 ogres
  6 centaurs
  3 kobold brigands
  5 bullfrogs
  2 scorpions (D:4)
  5 wights (D:6)
  7 killer bees
  4 howler monkeys
  A lava snake (Lair:1)
  4 crimson imps (D:10)
  3 hounds
  A gnoll bouda (D:5)
  8 orc priests
  4 jellies
  2 sleepcaps
  2 iguanas
  Natasha (thrice) (D:4)
  14 orc wizards
  8 adders
  7 gnolls (D:5)
  A white imp (D:7)
  2 ufetubi (D:6)
  5 worms
  A dart slug (D:1)
  30 orcs
  7 bats
  3 endoplasms
  4 giant cockroaches
  4 goblins
  8 hobgoblins
  24 kobolds
  5 quokkas
  11 ball pythons
  5 frilled lizards
  9 rats
243 creatures vanquished.

Notes
Turn   | Place    | Note
-------+----------+-------------------------------------------
     0 | D:1      | Zeor the Demonspawn Berserker began the quest for the Orb.
     0 | D:1      | Reached XP level 1. HP: 18/18 MP: 1/1
   117 | D:1      | Reached skill level 3 in Polearms
   180 | D:1      | Gained mutation: You have a small tail. [demonic ancestry]
   180 | D:1      | Reached XP level 2. HP: 24/24 MP: 2/2
   766 | D:1      | Gained mutation: You have an unusually large brain. (Int
                  | +2) [demonic ancestry]
   766 | D:1      | Reached XP level 3. HP: 29/29 MP: 3/3
   935 | D:2      | Reached ** piety under Trog
  1033 | D:2      | Reached XP level 4. HP: 21/35 MP: 4/4
  1120 | D:2      | Noticed Sigmund
  1134 | D:2      | Killed Sigmund
  1135 | D:2      | Reached skill level 5 in Polearms
  1135 | D:2      | Gained mutation: A meltable shield of frost defends you.
                  | (SH +4) [demonic ancestry]
  1135 | D:2      | Reached XP level 5. HP: 42/42 MP: 5/5
  1932 | D:3      | Reached XP level 6. HP: 48/48 MP: 6/6
  1985 | D:3      | Found a faded altar of an unknown god.
  2285 | D:3      | Found Vuag's Book Shoppe.
  2451 | D:4      | Found Gytraho's Assorted Antiques.
  2463 | D:4      | Identified the +0 robe of Yredelemnul's Anger {rF++}
  2615 | D:4      | Reached *** piety under Trog
  2679 | D:4      | Noticed Pikel
  2826 | D:4      | Found a radiant altar of Vehumet.
  2826 | D:4      | Found a shimmering blue altar of Sif Muna.
  2827 | D:4      | Found an iron altar of Okawaru.
  2918 | D:4      | Reached skill level 6 in Polearms
  2943 | D:4      | Killed Pikel
  2944 | D:4      | Reached skill level 7 in Polearms
  2944 | D:4      | Reached skill level 1 in Stealth
  2944 | D:4      | Reached skill level 1 in Shields
  2944 | D:4      | Reached XP level 7. HP: 35/54 MP: 7/7
  2948 | D:4      | Found an opulent altar of Gozag.
  3117 | D:4      | Noticed Natasha
  3124 | D:4      | Killed Natasha
  3150 | D:4      | Gained mutation: You have a tail ending in a sharp stinger.
                  | [demonic ancestry]
  3150 | D:4      | Reached XP level 8. HP: 43/61 MP: 8/8
  3210 | D:4      | Found a stormy altar of Qazlal.
  3416 | D:4      | Noticed Natasha
  3424 | D:4      | Killed Natasha
  3539 | D:4      | Noticed Natasha
  3546 | D:4      | Killed Natasha
  3601 | D:5      | Entered Level 5 of the Dungeon
  3616 | D:5      | Reached skill level 8 in Polearms
  3760 | D:5      | Found a staircase to the Ecumenical Temple.
  3968 | D:5      | Noticed Menkaure
  3982 | D:5      | Killed Menkaure
  4683 | D:6      | Reached skill level 1 in Throwing
  4778 | D:6      | Reached skill level 9 in Polearms
  5018 | D:6      | Identified the amulet "Uwkocel" {Reflect rElec rPois rF+
                  | Str+6 SH+5}
  5047 | D:6      | Gained mutation: A meltable icy envelope protects you from
                  | harm. (AC +4) [demonic ancestry]
  5047 | D:6      | Reached XP level 9. HP: 63/66 MP: 9/9
  5177 | D:6      | Reached **** piety under Trog
  5540 | D:6      | Found a snail-covered altar of Cheibriados.
  5677 | D:7      | Found a basalt altar of Yredelemnul.
  5738 | D:7      | Found a burning altar of Makhleb.
  5799 | D:7      | Identified a scroll of acquirement
  5799 | D:7      | Acquired the +5 demon trident of Defiance {freeze, rElec
                  | rC+}
  5831 | D:7      | Reached skill level 10 in Polearms
  6116 | D:8      | Reached skill level 5 in Fighting
  6259 | D:8      | Noticed a two-headed ogre
  6265 | D:8      | Killed a two-headed ogre
  6443 | D:8      | Reached skill level 11 in Polearms
  6553 | D:8      | Found a sparkling altar of Nemelex Xobeh.
  6723 | D:8      | Noticed a two-headed ogre
  6727 | D:8      | Killed a two-headed ogre
  6728 | D:8      | Gained mutation: You have an extremely huge brain. (Int +4)
                  | [demonic ancestry]
  6728 | D:8      | Reached XP level 10. HP: 58/74 MP: 10/10
  7244 | D:9      | Found a blossoming altar of Fedhas.
  7422 | D:9      | Found a shadowy altar of Dithmenos.
  7512 | D:9      | Reached skill level 12 in Polearms
  7573 | D:9      | Noticed Amaemon
  7574 | D:9      | Noticed an orange demon
  7591 | D:9      | Killed Amaemon
  7595 | D:9      | Killed an orange demon
  7598 | D:9      | Reached skill level 5 in Armour
  7629 | D:9      | Found Ofit's Armour Shoppe.
  7629 | D:9      | Found a staircase to the Orcish Mines.
  7680 | D:9      | Bought a +1 pair of gloves for 138 gold pieces
  8048 | D:10     | Entered Level 10 of the Dungeon
  8060 | D:10     | Found a shimmering altar of Xom.
  8080 | D:10     | Reached ***** piety under Trog
  8136 | D:10     | Found an ornate altar of the Wu Jian Council.
  8562 | D:10     | Found a hide-covered altar of Uskayaw.
  8574 | D:10     | Noticed Maurice
  8590 | D:10     | Killed Maurice
  8591 | D:10     | Reached skill level 13 in Polearms
  8735 | D:10     | Found Qeoniomo's Antique Weapon Boutique.
  8876 | D:10     | Gained mutation: A weak demonic guardian rushes to your
                  | aid. [demonic ancestry]
  8876 | D:10     | Reached XP level 11. HP: 80/83 MP: 11/11
  9306 | D:11     | Found a staircase to the Lair.
  9764 | D:11     | Noticed an obsidian statue
 10109 | Lair:1   | Entered Level 1 of the Lair of Beasts
 10151 | Lair:1   | Noticed a death yak
 10162 | Lair:1   | Noticed a death yak
 10165 | Lair:1   | Noticed a death yak
 10166 | Lair:1   | Noticed a death yak
 10169 | Lair:1   | Noticed a death yak
 10170 | Lair:1   | Killed a death yak
 10177 | Lair:1   | Killed a death yak
 10181 | Lair:1   | Killed a death yak
 10186 | Lair:1   | Killed a death yak
 10187 | Lair:1   | Reached skill level 14 in Polearms
 10189 | Lair:1   | Slain by a death yak

Illustrated notes

Levels and vault maps discovered:
D:1:      minmay_arrival_glassed_features, layout_loops_corners
D:2:      layout_loops_cross, minmay_hexomino_c4, uniq_sigmund
D:3:      layout_loops_ring, serial_shops, nicolae_shop_pleasant_corner_grove,
          shapermc_ecumenical_altar_venn, minmay_between
D:4:      layout_loops_ring, mainiacjoe_overflow_small_starburst,
          mainiacjoe_overflow_alcove_2, grunt_temple_overflow_open,
          serial_shops, shop, serial_bayou_pond_b, uniq_pikel, uniq_natasha
D:5:      layout_cave_pods, mainiacjoe_overflow_cross_hatched,
          minmay_temple_entry_mini_moons, uniq_menkaure
D:6:      layout_basic, cheibriados_altar_1
D:7:      layout_rooms, mainiacjoe_overflow_six_doors_small,
          lightli_temple_of_fire
D:8:      layout_basic, nicolae_overflow_crystal_walls
D:9:      layout_basic, mainiacjoe_overflow_chevrons, general_overflow_altar,
          orc_david_3, uniq_amaemon
D:10:     layout_stronghold, led_xom_imps, kennysheep_mini,
          nzn_wu_jian_council_hall, serial_shops, shop_fountains,
          hangedman_decor_lopped, uniq_maurice
D:11:     layout_basic, david_lair_shrubbed, minmay_protected_statue
Lair:1:   layout_gridlike, wad_woods_river_04, minivault_11,
          serial_bayou_shore_b, lemuel_fruit_fields

Skill      XL: |  1  2  3  4  5  6  7  8  9 10 11 |
---------------+----------------------------------+-----
Polearms       | 3 5 7 9 11 13 14 | 14.0
Armour         | 2 3 4 5 6 |  6.1
Dodging        | 2 |  2.9
Fighting       | 4 5 6 7 |  7.0
Stealth        | 1 2 |  2.1
Shields        | 1 2 3 4 |  4.0
Throwing       | 1 |  1.4

Action                     |  1- 3 |  4- 6 |  7- 9 | 10-12 || total
---------------------------+-------+-------+-------+-------++-------
  Melee: Spear             |   139 |     7 |       |       ||   146
         Tailslap          |    12 |    15 |    30 |    28 ||    85
         Halberd           |       |   145 |   151 |       ||   296
         Demon trident     |       |       |    67 |   250 ||   317
         Punch             |       |       |     1 |     1 ||     2
  Throw: Javelin           |       |       |     7 |     6 ||    13
 Invoke: Berserk           |       |     3 |     3 |     5 ||    11
    Use: Scroll            |     2 |    10 |     6 |     8 ||    26
         Potion            |       |     1 |       |       ||     1
   Stab: Sleeping          |     1 |       |       |       ||     1
 Armour: Chain mail        |    49 |    65 |    44 |       ||   158
         Scale mail        |       |       |     8 |    77 ||    85
  Dodge: Dodged            |    34 |    45 |    50 |    63 ||   192
  Block: Other             |       |    26 |    40 |    73 ||   139
         Reflection        |       |       |     2 |    11 ||    13
